 Dungeon Crawl Stone Soup version 0.30-b1-2-g02819fbbbe (webtiles) character file.

Game seed: 3388471586560646144

42 manyhoops the Digger (level 3, -3/26 HPs)
             Began as a Demigod Earth Elementalist on Nov 23, 2023.
             Frozen to death by an endoplasm (5 damage)
             ... on level 2 of the Dungeon.
             The game lasted 00:01:51 (1835 turns).

manyhoops the Digger (Demigod Earth Elementalist)   Turns: 1835, Time: 00:01:51

Health: -3/26      AC:  2    Str:  9    XL:     3   Next: 19%
Magic:  2/9        EV: 12    Int: 21    God:
Gold:   41         SH:  0    Dex: 14    Spells: 5/6 levels left

rFire   . . .        (no weapon)
rCold   . . .        (no shield)
rNeg    . . .        a - +0 robe
rPois   .            (no helmet)
rElec   .            (no cloak)
rCorr   .            (no gloves)
SInv    .            (no boots)
Will    .....        (no amulet)
Stlth   ++           (no ring)
HPRegen 0.24/turn    (no ring)
MPRegen 0.11/turn

%: no passive effects
@: no status effects
A: high MP 1, forlorn, divine attributes
a: no special abilities


You were on level 2 of the Dungeon.
You visited 1 branch of the dungeon, and saw 2 of its levels.

You collected 41 gold pieces.

Inventory:

Armour
 a - a +0 robe (worn)
 c - a +0 buckler
Scrolls
 d - a scroll of enchant weapon {unknown}
 e - 2 scrolls of magic mapping {unknown}
 g - a scroll of teleportation {unknown}
 h - a scroll of identify {unknown}
 i - a scroll of fear {unknown}
 j - a scroll of noise {unknown}
Potions
 b - a potion of magic
 f - a potion of invisibility {unknown}


   Skills:
 - Level 1.7 Dodging
 - Level 1.7 Stealth
 + Level 2.4 Spellcasting
 - Level 0.8 Transmutations
 + Level 3.5 Earth Magic


You had 5 spell levels left.
You knew the following spells:

 Your Spells              Type           Power      Damage    Failure   Level
a - Sandblast             Erth           34%        2d9       3%          1

Your spell library contained the following spells:

 Spells                   Type           Power      Damage    Failure   Level
 Passwall                 Tmut/Erth      9%         N/A       9%          2
 Stone Arrow              Conj/Erth      20%        3d8       21%         3
 Blink                    Tloc           4%         N/A       22%         2
 Lesser Beckoning         Tloc           4%         N/A       22%         2
 Momentum Strike          Conj/Tloc      4%         3d8       22%         2
 Petrify                  Tmut/Erth      11%        N/A       50%         4


Dungeon Overview and Level Annotations

Branches:
Dungeon (2/15)


Innate Abilities, Weirdness & Mutations

You have an increased reservoir of magic. (+10% MP)
You shall have no god before yourself.
Your divine heritage dramatically boosts your attributes as you level up.


Message History

Casting: Sandblast (safe; 3% risk of failure)
Confirm with . or Enter, or press ? or * to list all spells.
Aiming: Sandblast (safe; 3% risk of failure)
Press: ? - help, Shift-Dir - straight line, f/p - orc
Aim: an orc, wielding a +0 flail and wearing a +0 scale mail (84% to hit)
The blast of sand hits the orc.
The orc is heavily wounded.
The orc hits you with a +0 flail.
Unknown command.
Casting: Sandblast (safe; 3% risk of failure)
Confirm with . or Enter, or press ? or * to list all spells.
Aiming: Sandblast (safe; 3% risk of failure)
Press: ? - help, Shift-Dir - straight line, f/p - orc
Aim: an orc, wielding a +0 flail and wearing a +0 scale mail (heavily wounded, 84% to hit)
The blast of sand hits the orc but does no damage.
The orc is heavily wounded.
The endoplasm hits you. The orc closely misses you.
The endoplasm barely misses you.
Casting: Sandblast (safe; 3% risk of failure)
Confirm with . or Enter, or press ? or * to list all spells.
Aiming: Sandblast (safe; 3% risk of failure)
Press: ? - help, Shift-Dir - straight line, f/p - orc
Aim: an orc, wielding a +0 flail and wearing a +0 scale mail (heavily wounded, 84% to hit)
The blast of sand hits the orc.
The orc is severely wounded.
The endoplasm closely misses you. The orc hits you with a +0 club.
The orc hits you with a +0 flail!
Casting: Sandblast (safe; 3% risk of failure)
Confirm with . or Enter, or press ? or * to list all spells.
Aiming: Sandblast (safe; 3% risk of failure)
Press: ? - help, Shift-Dir - straight line, f/p - orc
Aim: an orc, wielding a +0 flail and wearing a +0 scale mail (heavily wounded, 84% to hit)
The blast of sand hits the orc.
The orc is severely wounded.
The endoplasm freezes you.
You are frozen.
The orc closely misses you. The orc hits you with a +0 flail.
* * * LOW HITPOINT WARNING * * *
The endoplasm freezes you.
You are frozen.
You die...

#....# #....# #.# #..#.#
#o...#.#.# #..#.#
#....#.#.###..#.#
#....#.#...#..#.#
#....#.#...#).#.#
####....#.#.....##.######
......o)#.#.##Jo##'#....#
..!....o#.#...o@........#
..........#.###.........#
.####..##...# #.........#
.......J..# #........†#
...###..####
#.........########
.........
...#.......'......#
.........
.#######....######.#
.....>... #....# #.#
....... ###########'#


You could see 2 orcs and an endoplasm.

Vanquished Creatures
  A dart slug (D:1)
  An orc (D:2)
  2 endoplasms (D:2)
  3 giant cockroaches (D:1)
  3 goblins
  7 hobgoblins
  2 jackals (D:2)
  2 quokkas (D:1)
  3 ball pythons (D:1)
  5 bats (D:1)
  A frilled lizard (D:2)
  2 kobolds
  A rat (D:2)
33 creatures vanquished.

Vanquished Creatures (others)
  5 plants (D:1)
5 creatures vanquished.

Grand Total: 38 creatures vanquished

Notes
Turn   | Place    | Note
-------+----------+-------------------------------------------
     0 | D:1      | manyhoops the Demigod Earth Elementalist began the quest
                  | for the Orb.
     0 | D:1      | Reached XP level 1. HP: 14/14 MP: 5/5
   246 | D:1      | Reached skill level 3 in Earth Magic
   382 | D:1      | Reached XP level 2. HP: 20/20 MP: 4/7
  1574 | D:2      | Reached XP level 3. HP: 26/26 MP: 7/9
  1835 | D:2      | Frozen to death by an endoplasm

Illustrated notes

Levels and vault maps discovered:
D:1:      roderic_octagonal_star, layout_loops_corners, serial_forest,
          infiniplex_forest_split, infiniplex_forest_end_2,
          infiniplex_forest_lined_2, infiniplex_forest_corner_1,
          infiniplex_forest_join, infiniplex_forest_corner_1,
          infiniplex_forest_lined_2, infiniplex_forest_clump_small
D:2:      layout_basic

Skill      XL: |  1 |
---------------+----+-----
Earth Magic    | 3 |  3.5
Spellcasting   | 2 |  2.4
Dodging        | |  1.7
Stealth        | |  1.7
Transmutations | |  0.8

Action                     || total
---------------------------++-------
  Melee: Unarmed           ||    61
   Cast: Sandblast         ||    54
 Armour: Robe              ||     6
  Dodge: Dodged            ||    23
